TOP OF THE 1ST |
Redwood City Redwoods batting - Pitching for Calgary Cowboys : RHP Abraham Hes
|
Pitching: RHP Abraham Hes
|
|
Batting: RHB Edgardo Gonzáles
|
0-0: SINGLE (Flyball, 89S)
|
Batting: LHB Eduardo Alomar
|
0-0: Ball Edgardo Gonzáles steals 2nd base 1-0: Called Strike 1-1: Ground out 4-3 (Groundball, 4) Edgardo Gonzáles to third
|
Batting: LHB Tom Waller
|
0-0: Ball 1-0: Called Strike 1-1: Ball 2-1: Called Strike 2-2: DOUBLE (Line Drive, 56D) Edgardo Gonzáles scores
|
Batting: RHB Cheng-ho Qiao
|
0-0: Ball 1-0: Ball 2-0: Foul Ball, location: 2F 2-1: 2-RUN HOME RUN (Line Drive, 9D), Distance : 395 ft
|
Batting: LHB Patrick Bright
|
0-0: Called Strike 0-1: Foul Ball, location: 2F 0-2: Ball 1-2: SINGLE (Flyball, 8RS)
|
Batting: RHB Anastasio García
|
0-0: Called Strike 0-1: Fly out, F9 (Flyball, 9LS)
|
Batting: SHB Jaime Manuel
|
0-0: SINGLE (Line Drive, 34) Patrick Bright to second Runner from 2nd tries for 3rd, SAFE, no throw or cutoff
|
Batting: RHB Fu Tse
|
0-0: Called Strike 0-1: Foul Ball, location: 2F 0-2: Ball 1-2: Ball Pickoff Throw by Catcher to First - Error! E2 Patrick Bright scores Jaime Manuel to second 2-2: Ball 3-2: Base on Balls
|
Batting: LHB Juan Hernández
|
0-0: Called Strike 0-1: Ground out 3-1 (Groundball, 34)
|
Top of the 1st over - 4 run(s), 5 hit(s), 1 error(s), 2 left on base; Redwood City 4 - Calgary 0 |
BOTTOM OF THE 1ST |
Calgary Cowboys batting - Pitching for Redwood City Redwoods : RHP Elton Johnston
|
Pitching: RHP Elton Johnston
|
|
Batting: RHB Clark Hodge
|
0-0: Foul Ball, location: 2F 0-1: Ball 1-1: Fly out, F4 (Line Drive, 4)
|
Batting: RHB Mike Wilcox
|
0-0: Called Strike 0-1: Foul Ball, location: 2F 0-2: Ball 1-2: Ball 2-2: Foul Ball, location: 2F 2-2: Ball 3-2: Foul Ball, location: 2F 3-2: Base on Balls
|
Batting: RHB Dan Wyatt
|
0-0: Ball 1-0: Ball 2-0: Fielders Choice at 2nd, 4-6 (Groundball, 4)
|
Batting: RHB Cristián Peña
|
0-0: Fly out, F9 (Flyball, 89XD)
|
Bottom of the 1st over - 0 run(s), 0 hit(s), 0 error(s), 1 left on base; Redwood City 4 - Calgary 0 |
TOP OF THE 2ND |
Redwood City Redwoods batting - Pitching for Calgary Cowboys : RHP Abraham Hes
|
Batting: RHB Edgardo Gonzáles
|
0-0: Ball 1-0: Ground out 4-3 (Groundball, 4)
|
Batting: LHB Eduardo Alomar
|
0-0: Called Strike 0-1: Ball 1-1: Ball 2-1: Foul Ball, location: 2F 2-2: Ball 3-2: Foul Ball, location: 2F 3-2: Base on Balls
|
Batting: LHB Tom Waller
|
0-0: Called Strike 0-1: Grounds into double play, 1-6-3 (Groundball, 13)
|
Top of the 2nd over - 0 run(s), 0 hit(s), 0 error(s), 0 left on base; Redwood City 4 - Calgary 0 |
BOTTOM OF THE 2ND |
Calgary Cowboys batting - Pitching for Redwood City Redwoods : RHP Elton Johnston
|
Batting: LHB Al Ryan
|
0-0: Ball 1-0: Swinging Strike 1-1: Foul Ball, location: 2F 1-2: Foul Ball, location: 2F 1-2: Ball 2-2: Ground out 4-3 (Groundball, 4)
|
Batting: RHB Mario Sánchez
|
0-0: Called Strike 0-1: Ball 1-1: Ball 2-1: TRIPLE (Line Drive, 78D)
|
Batting: RHB Jorge Balencia
|
0-0: DOUBLE (Line Drive, 89M) Mario Sánchez scores
|
Batting: RHB Steven Jennings
|
0-0: Called Strike 0-1: Ball 1-1: Called Strike 1-2: Strikes out swinging
|
Batting: LHB Freddy Herrera
|
0-0: Ground out 4-3 (Groundball, 4)
|
Bottom of the 2nd over - 1 run(s), 2 hit(s), 0 error(s), 1 left on base; Redwood City 4 - Calgary 1 |
TOP OF THE 3RD |
Redwood City Redwoods batting - Pitching for Calgary Cowboys : RHP Abraham Hes
|
Batting: RHB Cheng-ho Qiao
|
0-0: Called Strike 0-1: Ball 1-1: Swinging Strike 1-2: Ball 2-2: Fly out, F7 (Flyball, 7D)
|
Batting: LHB Patrick Bright
|
0-0: Ball 1-0: Foul Ball, location: 2F 1-1: Ground out 1-3 (Groundball, 3S)
|
Batting: RHB Anastasio García
|
0-0: Ball 1-0: Swinging Strike 1-1: Ball 2-1: Called Strike 2-2: Ball 3-2: Strikes out swinging
|
Top of the 3rd over - 0 run(s), 0 hit(s), 0 error(s), 0 left on base; Redwood City 4 - Calgary 1 |
BOTTOM OF THE 3RD |
Calgary Cowboys batting - Pitching for Redwood City Redwoods : RHP Elton Johnston
|
Batting: RHB Clark Hodge
|
0-0: Called Strike 0-1: Foul Ball, location: 2F 0-2: Strikes out looking
|
Batting: RHB Mike Wilcox
|
0-0: Ball 1-0: Ball 2-0: SINGLE (Groundball, 6MD)
|
Batting: RHB Dan Wyatt
|
0-0: Called Strike 0-1: Ball 1-1: Ball 2-1: Ball 3-1: Called Strike 3-2: Foul Ball, location: 2F 3-2: Fly out, F3 (Popup, 3D)
|
Batting: RHB Cristián Peña
|
0-0: Called Strike 0-1: Ball 1-1: Swinging Strike 1-2: Ball 2-2: Foul Ball, location: 2F 2-2: Strikes out swinging
|
Bottom of the 3rd over - 0 run(s), 1 hit(s), 0 error(s), 1 left on base; Redwood City 4 - Calgary 1 |
TOP OF THE 4TH |
Redwood City Redwoods batting - Pitching for Calgary Cowboys : RHP Abraham Hes
|
Batting: SHB Jaime Manuel
|
0-0: SINGLE (Flyball, 6MD)
|
Batting: RHB Fu Tse
|
0-0: Ball 1-0: Ball 2-0: Called Strike 2-1: Foul Ball, location: 2F 2-2: Foul Ball, location: 2F 2-2: Strikes out looking
|
Batting: LHB Juan Hernández
|
0-0: Ball 1-0: Foul Ball, location: 2F 1-1: Ball 2-1: SINGLE (Line Drive, 4) Jaime Manuel to second
|
Batting: RHB Edgardo Gonzáles
|
0-0: Ball 1-0: Foul Ball, location: 2F 1-1: Ball 2-1: Ball 3-1: Called Strike 3-2: Base on Balls Jaime Manuel to third Juan Hernández to second
|
Batting: LHB Eduardo Alomar
|
0-0: Ball 1-0: Ball 2-0: Ball 3-0: Called Strike 3-1: Called Strike 3-2: Base on Balls Jaime Manuel scores Juan Hernández to third Edgardo Gonzáles to second
|
Batting: LHB Tom Waller
|
0-0: Grounds into double play, 4-6-3 (Groundball, 4)
|
Top of the 4th over - 1 run(s), 2 hit(s), 0 error(s), 2 left on base; Redwood City 5 - Calgary 1 |
BOTTOM OF THE 4TH |
Calgary Cowboys batting - Pitching for Redwood City Redwoods : RHP Elton Johnston
|
Batting: LHB Al Ryan
|
0-0: Called Strike 0-1: Ball 1-1: Ground out 5-3 (Groundball, 5S)
|
Batting: RHB Mario Sánchez
|
0-0: Bunt missed! 0-1: Foul Ball, location: 2F 0-2: Foul Ball, location: 2F 0-2: Strikes out swinging
|
Batting: RHB Jorge Balencia
|
0-0: Ball 1-0: Ball 2-0: Called Strike 2-1: Foul Ball, location: 2F 2-2: Ball 3-2: Base on Balls
|
Batting: RHB Steven Jennings
|
0-0: Ball 1-0: Foul Ball, location: 2F 1-1: Foul Ball, location: 2F 1-2: Ball 2-2: Ball Jorge Balencia is caught stealing 2nd base
|
Bottom of the 4th over - 0 run(s), 0 hit(s), 0 error(s), 0 left on base; Redwood City 5 - Calgary 1 |
TOP OF THE 5TH |
Redwood City Redwoods batting - Pitching for Calgary Cowboys : RHP Abraham Hes
|
Batting: RHB Cheng-ho Qiao
|
0-0: Called Strike 0-1: Ball 1-1: Called Strike 1-2: Strikes out swinging
|
Batting: LHB Patrick Bright
|
0-0: Ball 1-0: Ball 2-0: Ball 3-0: Base on Balls
|
Batting: RHB Anastasio García
|
0-0: Called Strike 0-1: Ball 1-1: Fly out, F9 (Flyball, 89M)
|
Batting: SHB Jaime Manuel
|
0-0: Called Strike 0-1: Ball 1-1: SINGLE (Line Drive, 4D) Patrick Bright to second Throwing error, E9 Patrick Bright scores Jaime Manuel to second
|
Batting: RHB Fu Tse
|
0-0: Ball Wild Pitch! Jaime Manuel to third 1-0: Ball 2-0: Fly out, F9 (Flyball, 9D)
|
Top of the 5th over - 1 run(s), 1 hit(s), 1 error(s), 1 left on base; Redwood City 6 - Calgary 1 |
BOTTOM OF THE 5TH |
Calgary Cowboys batting - Pitching for Redwood City Redwoods : RHP Elton Johnston
|
Batting: RHB Steven Jennings
|
0-0: Ground out 1-3 (Groundball, 15)
|
Batting: LHB Freddy Herrera
|
0-0: Fly out, F1 (Line Drive, 13)
|
Batting: RHB Clark Hodge
|
0-0: Foul Ball, location: 2F 0-1: Ball 1-1: Foul Ball, location: 2F 1-2: Strikes out swinging
|
Bottom of the 5th over - 0 run(s), 0 hit(s), 0 error(s), 0 left on base; Redwood City 6 - Calgary 1 |
TOP OF THE 6TH |
Redwood City Redwoods batting - Pitching for Calgary Cowboys : RHP Abraham Hes
|
Batting: LHB Juan Hernández
|
0-0: Foul Ball, location: 2F 0-1: Ball 1-1: Called Strike 1-2: SINGLE (Line Drive, 4MD)
|
Batting: RHB Edgardo Gonzáles
|
0-0: Called Strike 0-1: SINGLE (Groundball, 6MD) (infield hit) Juan Hernández to second
|
Pitching: RHP Nick Ruby
|
|
Batting: LHB Eduardo Alomar
|
0-0: Ball 1-0: Ball 2-0: Ball 3-0: Called Strike 3-1: Foul Ball, location: 2F 3-2: Base on Balls Juan Hernández to third Edgardo Gonzáles to second
|
Batting: LHB Tom Waller
|
0-0: Called Strike 0-1: Ball 1-1: Ball 2-1: Called Strike 2-2: Ball 3-2: SINGLE (Line Drive, 8LS) Juan Hernández scores Edgardo Gonzáles to third Eduardo Alomar to second Runner from 3rd tries for Home, SAFE, throw made home
|
Batting: RHB Cheng-ho Qiao
|
0-0: Ball 1-0: Ball 2-0: 3-RUN HOME RUN (Flyball, 7LD), Distance : 379 ft
|
Pitching: RHP Aluizio Subgua
|
|
Batting: LHB Patrick Bright
|
0-0: Foul Ball, location: 2F 0-1: Ground out 4-3 (Groundball, 4)
|
Batting: RHB Anastasio García
|
0-0: Called Strike 0-1: Foul Ball, location: 2F 0-2: Ball 1-2: Strikes out swinging
|
Batting: SHB Jaime Manuel
|
0-0: Ball 1-0: Ground out 3-1 (Groundball, 34)
|
Top of the 6th over - 5 run(s), 4 hit(s), 0 error(s), 0 left on base; Redwood City 11 - Calgary 1 |
BOTTOM OF THE 6TH |
Calgary Cowboys batting - Pitching for Redwood City Redwoods : RHP Elton Johnston
|
Batting: RHB Mike Wilcox
|
0-0: Ball 1-0: Swinging Strike 1-1: Called Strike 1-2: Foul Ball, location: 2F 1-2: Ball 2-2: Ground out 5-3 (Groundball, 56)
|
Batting: RHB Dan Wyatt
|
0-0: Ball 1-0: Ball 2-0: Ball 3-0: Called Strike 3-1: Foul Ball, location: 2F 3-2: Fly out, F9 (Flyball, 9LM)
|
Batting: RHB Cristián Peña
|
0-0: Ball 1-0: Foul Ball, location: 2F 1-1: Ball 2-1: Swinging Strike 2-2: Strikes out swinging
|
Bottom of the 6th over - 0 run(s), 0 hit(s), 0 error(s), 0 left on base; Redwood City 11 - Calgary 1 |
TOP OF THE 7TH |
Redwood City Redwoods batting - Pitching for Calgary Cowboys : RHP Aluizio Subgua
|
Batting: RHB Fu Tse
|
0-0: Ball 1-0: Called Strike 1-1: Ball 2-1: Ground out 6-3 (Groundball, 6)
|
Batting: LHB Juan Hernández
|
0-0: Foul Ball, location: 2F 0-1: Called Strike 0-2: SINGLE (Flyball, 8RS)
|
Batting: RHB Edgardo Gonzáles
|
0-0: Swinging Strike 0-1: Ball 1-1: Foul Ball, location: 2F 1-2: SINGLE (Groundball, 56) Juan Hernández to second
|
Batting: LHB Eduardo Alomar
|
0-0: Foul Ball, location: 2F 0-1: Ball 1-1: Foul Ball, location: 2F 1-2: Foul Ball, location: 2F 1-2: Ball 2-2: Fielders Choice at 2nd, 6-4 (Groundball, 6) Juan Hernández to third
|
Batting: LHB Tom Waller
|
Pickoff Throw to First - Out!
|
Top of the 7th over - 0 run(s), 2 hit(s), 0 error(s), 0 left on base; Redwood City 11 - Calgary 1 |
BOTTOM OF THE 7TH |
Calgary Cowboys batting - Pitching for Redwood City Redwoods : RHP Elton Johnston
|
Pitching: RHP Willie McMillan
|
|
Batting: LHB Al Ryan
|
0-0: Ball 1-0: Ball 2-0: Ball 3-0: Base on Balls
|
Pinch Hitting: RHB Ramón Martínez
|
0-0: Ball 1-0: Foul Ball, location: 2F 1-1: Ball 2-1: Ball 3-1: Base on Balls Al Ryan to second
|
Pinch Hitting: RHB Jesús Hernández
|
0-0: Ball 1-0: Swinging Strike 1-1: Fielders Choice at 3rd, U5 (Groundball, 5L) Ramón Martínez to second
|
Batting: RHB Steven Jennings
|
0-0: Reached on error, E6 (Groundball, 6) Ramón Martínez to third Jesús Hernández to second
|
Batting: LHB Freddy Herrera
|
0-0: Grounds into double play, 5-4-3 (Groundball, 56)
|
Bottom of the 7th over - 0 run(s), 0 hit(s), 1 error(s), 2 left on base; Redwood City 11 - Calgary 1 |
TOP OF THE 8TH |
Redwood City Redwoods batting - Pitching for Calgary Cowboys : RHP Aluizio Subgua
|
Pitching: RHP Tim Flynn
|
|
Now at 3B: Ramón Martínez
|
|
Now in LF: Donald Schultz
|
|
Batting: LHB Tom Waller
|
0-0: Ground out 6-3 (Groundball, 6M)
|
Batting: RHB Cheng-ho Qiao
|
0-0: Fly out, F9 (Flyball, 89XD)
|
Batting: LHB Patrick Bright
|
0-0: Foul Ball, location: 2F 0-1: Swinging Strike 0-2: Strikes out swinging
|
Top of the 8th over - 0 run(s), 0 hit(s), 0 error(s), 0 left on base; Redwood City 11 - Calgary 1 |
BOTTOM OF THE 8TH |
Calgary Cowboys batting - Pitching for Redwood City Redwoods : RHP Willie McMillan
|
Batting: RHB Clark Hodge
|
0-0: Called Strike 0-1: Ball 1-1: Swinging Strike 1-2: Ball 2-2: Fly out, F9 (Flyball, 9LS)
|
Batting: RHB Mike Wilcox
|
0-0: Ball 1-0: Ball 2-0: Foul Ball, location: 2F 2-1: SINGLE (Line Drive, 89S)
|
Pinch Hitting: RHB Shayne Burry
|
0-0: Ball 1-0: Called Strike 1-1: Grounds into double play, 6-4-3 (Groundball, 6)
|
Bottom of the 8th over - 0 run(s), 1 hit(s), 0 error(s), 0 left on base; Redwood City 11 - Calgary 1 |
TOP OF THE 9TH |
Redwood City Redwoods batting - Pitching for Calgary Cowboys : RHP Tim Flynn
|
Now at C: Shayne Burry
|
|
Batting: RHB Anastasio García
|
0-0: Called Strike 0-1: Foul Ball, location: 2F 0-2: Ball 1-2: Strikes out swinging
|
Batting: SHB Jaime Manuel
|
0-0: Called Strike 0-1: Called Strike 0-2: Ball 1-2: Foul Ball, location: 2F 1-2: Foul Ball, location: 2F 1-2: Ball 2-2: Foul Ball, location: 2F 2-2: Strikes out looking
|
Batting: RHB Fu Tse
|
0-0: Ball 1-0: Ball 2-0: Ball 3-0: Called Strike 3-1: Called Strike 3-2: Foul Ball, location: 2F 3-2: Foul Ball, location: 2F 3-2: Base on Balls
|
Batting: LHB Juan Hernández
|
0-0: Called Strike 0-1: Ball 1-1: Ball 2-1: Ball 3-1: Fly out, F7 (Flyball, 78M)
|
Top of the 9th over - 0 run(s), 0 hit(s), 0 error(s), 1 left on base; Redwood City 11 - Calgary 1 |
BOTTOM OF THE 9TH |
Calgary Cowboys batting - Pitching for Redwood City Redwoods : RHP Willie McMillan
|
Now at C: Orlando Santos
|
|
Now at SS: Yataro Abe
|
|
Batting: RHB Cristián Peña
|
0-0: Ball 1-0: Foul Ball, location: 2F 1-1: Called Strike 1-2: Fly out, F6 (Line Drive, 6)
|
Batting: LHB Al Ryan
|
0-0: SINGLE (Flyball, 9LM)
|
Batting: RHB Ramón Martínez
|
0-0: SINGLE (Groundball, 5D) Al Ryan to second
|
Batting: LHB Donald Schultz
|
0-0: Swinging Strike 0-1: Ball 1-1: Foul Ball, location: 2F 1-2: Foul Ball, location: 2F 1-2: Ball 2-2: Strikes out swinging
|
Batting: RHB Steven Jennings
|
0-0: SINGLE (Groundball, 6) Al Ryan to third Ramón Martínez to second Runner from 3rd tries for Home, SAFE, no throw or cutoff
|
Batting: LHB Freddy Herrera
|
0-0: Called Strike 0-1: Called Strike 0-2: Ball 1-2: Strikes out swinging
|
Bottom of the 9th over - 1 run(s), 3 hit(s), 0 error(s), 2 left on base; Redwood City 11 - Calgary 2 |
|